AoeStats
← cfosorioq

Arena

509232986Analyzed
1v1 RM · 6d ago on Sep 26, 2026· 21m 55s· 2 players
Game mode
Random Map
Map size
Tiny (2 player)
Population
200
Speed
Normal
Resources
Standard
Victory
Conquest
Starting age
Dark Age
Ending age
Imperial Age
RankedLock teamsTeams togetherTeam positionsShared explorationLock speedFull tech treeHidden civsTurbo modeCheats
Victory
Defeat
🇪🇸 Mongols · Spain
1075
+15
🇨🇴 Jurchens · Colombia
1049
-15
cfosorioq
11:10 Feudal Age
14:59 Castle Age
13:37 Double-Bit Axe
14:36 Gold Mining
20:48 Elite Skirmisher
22:14 Bow Saw
Kikips93
9:24 Loom
11:09 Feudal Age
13:13 Horse Collar
16:15 Castle Age
14:58 Fletching
14:58 Double-Bit Axe
18:03 Bodkin Arrow
19:09 Gold Mining
20:06 Padded Archer Armor
Connection lost

Rejoining the realm…

Still unreachable

The connection could not be restored.

Session expired

The server has moved on; the page needs a fresh start.